 Dungeon Crawl Stone Soup version 0.29-a0-982-gaed3a0c8d8 (webtiles) character file.

Game seed: 16314109146354571109

46 vurker the Sneak (level 3, 0/18 HPs)
             Began as a Vine Stalker Enchanter on Aug 1, 2022.
             Succumbed to an adder's poison
             ... on level 2 of the Dungeon.
             The game lasted 00:02:11 (1272 turns).

vurker the Sneak (Vine Stalker Enchanter)           Turns: 1272, Time: 00:02:11

Health: 0/18       AC:  2    Str: 12    XL:     3   Next: 66%
Magic:  7/7        EV: 12    Int: 15    God:
Gold:   44         SH:  0    Dex: 14    Spells: 6/6 levels left

rFire   . . .      SeeInvis .   i - +4 dagger
rCold   . . .      Faith    .   (no shield)
rNeg    . . .      Spirit   +   b - +0 robe
rPois   .          Reflect  .   (no helmet)
rElec   .          Harm     .   (no cloak)
rCorr   .          Rampage  .   (no gloves)
Will    .....                   (no boots)
Stlth   ++........              (no amulet)
HPRegen 0.06/turn               (no ring)
MPRegen 0.10/turn               (no ring)

@: brilliant, lethally poisoned (0 -> -5)
A: fangs 2, magic shield, antimagic bite, no potion heal 2
a: no special abilities


You were on level 2 of the Dungeon.
You visited 1 branch of the dungeon, and saw 2 of its levels.

You collected 44 gold pieces.

Inventory:

Hand Weapons
 i - a +4 dagger (weapon)
   (You took it off a kobold on level 1 of the Dungeon)
Armour
 b - a +0 robe (worn)
Scrolls
 d - a scroll of vulnerability {unknown}
 e - 2 scrolls of identify {unknown}
 f - 2 scrolls of poison {unknown}
 g - a scroll of fear {unknown}
 h - a scroll of enchant weapon {unknown}
Potions
 a - a potion of haste {unknown}
 c - 2 potions of invisibility
 k - a potion of mutation {unknown}


   Skills:
 + Level 1.4 Fighting
 - Level 0.8 Short Blades
 - Level 1.5 Dodging
 - Level 3.6 Stealth
 * Level 2.5 Unarmed Combat
 - Level 2.1 Spellcasting
 - Level 3.0 Hexes


You had 6 spell levels left.
You didn't know any spells.
Your spell library contained the following spells:

 Spells                   Type           Power      Damage    Failure   Level
 Ensorcelled Hibernation  Hex/Ice        18%        N/A       19%         2
 Confusing Touch          Hex            15%        N/A       19%         3
 Tukima's Dance           Hex            15%        N/A       19%         3
 Dazzling Flash           Conj/Hex       18%        N/A       34%         3
 Ozocubu's Armour         Ice            2%         N/A       54%         3
 Metabolic Englaciation   Hex/Ice        4%         N/A       97%         5
 Simulacrum               Ice/Necr       1%         N/A       100%        6


Dungeon Overview and Level Annotations

Branches:
Dungeon (2/15)

Altars:


Innate Abilities, Weirdness & Mutations

You have extremely sharp teeth.
When hurt, damage is shared between your health and your magic reserves.
Your bite disrupts and absorbs the magic of your enemies.
Potions cannot restore your health.


Message History

No target in view!
No target in view!
A goblin comes into view. It is wielding a +0 club.
A quokka comes into view.
Found 11 gold pieces.
Found a stone staircase leading down.
There are monsters nearby!
The goblin shouts!
The goblin misses you. The quokka closely misses you.
You barely miss the quokka. You bite the quokka, but do no damage.
The quokka bites you. The goblin barely misses you.
You closely miss the quokka. You bite the quokka, but do no damage.
The quokka closely misses you. The goblin misses you.
The quokka barely misses you.
You completely miss the quokka. The goblin closely misses you.
The quokka bites you.
You hit the quokka but do no damage. The goblin misses you.
The quokka barely misses you.
An adder comes into view.
The goblin hits you with a +0 club.
The quokka bites you but does no damage.
The quokka misses you.
The goblin unwields a +0 club.
The goblin wields a +0 sling.
The goblin shoots a sling bullet.
The sling bullet barely misses you. The quokka closely misses you.
You hit the quokka. Your punch misses the quokka. Your bite misses the quokka.
The quokka bites you.
You barely miss the quokka. The quokka bites you.
You hit the quokka.
You kill the quokka!
You hit the adder. Your bite misses the adder. The adder misses you.
The adder bites you.
* * * LOW HITPOINT WARNING * * *
You are poisoned.
The adder poisons you!
You closely miss the adder. Your bite misses the adder.
You feel sick. The adder bites you.
* * * LOW HITPOINT WARNING * * *
You barely miss the adder.
You feel sick. The adder barely misses you.
You puncture the adder!
You feel sick. The adder bites you.
* * * LOW HITPOINT WARNING * * *
You are lethally poisoned!
The adder poisons you!
It was a potion of magic.
Magic courses through your body.
* * * LOW HITPOINT WARNING * * *
You feel sick. The adder closely misses you.
The adder bites you but does no damage.
It was a potion of brilliance.
You feel clever all of a sudden.
You die...

# ##.# ##.... ##########
#######....##
#........######.......#....
# #...............###......#
###..........)..####..###.##
..##............@Sg#.####.##
........##########.........#
......### ##........#
.....##### #........#
..<....>.# #.S......#
.........# ..#>.....#
.........# .###......#
#...†..### . ..$...#
#...#....# # ......#


You could see an adder and a goblin.

Vanquished Creatures
  4 dart slugs
  4 ball pythons (D:1)
  5 endoplasms
  3 goblins (D:1)
  A hobgoblin (D:1)
  3 jackals (D:1)
  A quokka (D:2)
  3 bats (D:1)
  3 frilled lizards (D:1)
  4 kobolds
  3 rats (D:1)
34 creatures vanquished.

Notes
Turn   | Place    | Note
-------+----------+-------------------------------------------
     0 | D:1      | vurker the Vine Stalker Enchanter began the quest for the
                  | Orb.
     0 | D:1      | Reached XP level 1. HP: 9/9 MP: 4/4
    27 | D:1      | Found a faded altar of an unknown god.
    72 | D:1      | Reached skill level 1 in Unarmed Combat
    81 | D:1      | Reached XP level 2. HP: 6/14 MP: 3/6
   538 | D:1      | Reached skill level 1 in Fighting
   651 | D:1      | Reached XP level 3. HP: 18/18 MP: 7/7
  1272 | D:2      | Succumbed to an adder's poison

Illustrated notes

Levels and vault maps discovered:
D:1:      lemuel_arrival_hallway, layout_basic, shapermc_ecumenical_altar_petra,
          minmay_misc_feat_chi, nicolae_titane
D:2:      layout_rooms

Skill      XL: |  1  2 |
---------------+-------+-----
Unarmed Combat | 1 2 |  2.5
Fighting       | 1 |  1.4
Short Blades   | |  0.8
Dodging        | |  1.5
Stealth        | |  3.6
Spellcasting   | |  2.1
Hexes          | |  3.0

Action                   || total
-------------------------++-------
Melee: Dagger            ||    92
       Bite              ||    16
       Punch             ||     2
  Use: Potion            ||     2
 Stab: Sleeping          ||     5
Armor: Robe              ||    11
Dodge: Dodged            ||    55

Table legend: (Time is in decaauts)
 A = Elapsed time spent in this place.
 B = Non-inter-level travel time spent in this place.
 C = Inter-level travel time spent in this place.
 D = Time resting spent in this place.
 E = Time spent auto-exploring this place.
 F = Levels seen in this place.
 G = Mean time per level.
                   A        B        C        D        E       F      G
               +--------+--------+--------+--------+--------+-----+--------+
         Total |   1267 |   1262 |      5 |      0 |   1017 |   2 |  633.5 |
       Dungeon |   1267 |   1262 |      5 |      0 |   1017 |   2 |  633.5 |
               +--------+--------+--------+--------+--------+-----+--------+

Top non-repeatable levels by time:
     D:1: 1175 daAuts
     D:2: 91 daAuts
